 Dungeon Crawl Stone Soup version 0.17-a0-1522-g6c5b4ba (webtiles) character file.

167 namelastname112 the Ruffian (level 5, -4/41 HPs)
             Began as a Draconian Skald on July 14, 2015.
             Slain by Menkaure (12 damage)
             ... on level 4 of the Dungeon.
             The game lasted 00:05:22 (3184 turns).

namelastname112 the Ruffian (Draconian Skald)       Turns: 3184, Time: 00:05:22

Health: -4/41      AC:  8    Str: 15    XL:     5   Next: 23%
Magic:  8/8        EV: 12    Int: 12    God:
Gold:   146        SH:  0    Dex: 11    Spells: 1 memorised, 7 levels left

rFire  . . .     SeeInvis .       - Unarmed
rCold  . . .     Clarity  .     (armour unavailable)
rNeg   . . .     SustAt   .     (no shield)
rPois  .         Gourm    .     g - +2 hat
rElec  .         Spirit   .     (no cloak)
rCorr  .         Warding  .     k - +0 pair of gloves
rMut   .         Stasis   .     (no boots)
MR     .....                    (no amulet)
Stlth  +.........               (no ring)
                                n - ring of invisibility

@: lethally poisoned (-4 -> -10), not resistant to hostile enchantments, very
unstealthy
A: unfitting armour, cold-blooded, AC +5
a: Evoke Invisibility


You were on level 4 of the Dungeon.
You were not hungry.

You visited 1 branch of the dungeon, and saw 4 of its levels.

You collected 146 gold pieces.

Inventory:

Armour
 g - a +2 hat (worn)
 k - a +0 pair of gloves (worn)
Jewellery
 n - a ring of invisibility (left hand)
Magical devices
 s - a wand of lightning (7)
Scrolls
 d - 2 scrolls of enchant armour {unknown}
 e - 7 scrolls of remove curse {unknown}
 j - a scroll of amnesia {unknown}
 l - 2 scrolls of blinking {unknown}
 m - a scroll of random uselessness {unknown}
 q - a scroll of magic mapping {unknown}
Books
 a - a book of Battle

   Spells                             Type                      Level
   a - Infusion                       Charms                       1
   b - Shroud of Golubria             Charms/Translocation         2
   c - Song of Slaying                Charms                       2
   d - Spectral Weapon                Hexes/Charms                 3
   e - Regeneration                   Charms/Necromancy            3
Comestibles
 b - 2 bread rations
 c - 5 fruits
 h - 2 meat rations
 o - a beef jerky
 r - a chunk of flesh


   Skills:
 - Level 2.1 Fighting
 - Level 1.3 Dodging
 + Level 5.5 Unarmed Combat
 - Level 2.0 Spellcasting
 - Level 2.6 Charms


You had 7 spell levels left.
You knew the following spells:

 Your Spells              Type           Power        Failure   Level  Hunger
a - Infusion              Chrm           #.....       12%         1    ##.....


Dungeon Overview and Level Annotations

Branches:
Dungeon (4/15)
 Temple: D:4-7

Altars:
Sif Muna
Zin

Shops:
D:4 %

Annotations:
D:4 Menkaure


Innate Abilities, Weirdness & Mutations

Your plain brown scales are hard (AC +5).
Your body does not fit into most forms of armour.
You are cold-blooded and may be slowed by cold attacks.


Message History

Menkaure points at you and mumbles some strange words.
Pain shoots through your body!
* * * LOW HITPOINT WARNING * * *
You are too injured to fight recklessly!
You are too injured to fight recklessly!
You are too injured to fight recklessly!
You hit Menkaure.
Menkaure is lightly damaged.
You feel sick. Menkaure hits you but does no damage.
You hit Menkaure but do no damage.
You tail-slap Menkaure, but do no damage.
Menkaure is lightly damaged.
You feel sick. Menkaure closely misses you.
You punch Menkaure!
Menkaure is moderately damaged.
Menkaure completely misses you.
You hit Menkaure.
Menkaure is heavily damaged.
You feel sick. Menkaure hits you!
You die...

#. .# ##>...##
#.##.# ......#
#.#..# ......#
#.#..## .....
#.....# ....
..###.....# #..#
>.........# #M.##
###....# ##@..##
##......#####.....#
#..#....##........#
#.###........#....#
##.#
#...##.###..>##
###.###....(.#
#..##
+∩#......#..####..#
###.#..#.#........#
####........####.#


You could see Menkaure.

Vanquished Creatures
  3 gnolls
  9 adders
  An ooze (D:2)
  3 worms
  4 giant geckos
  An orc (D:3)
  7 hobgoblins
  9 kobolds
  A ball python (D:3)
  3 bats
  3 giant cockroaches
  2 giant newts
  2 goblins (D:1)
  2 rats
50 creatures vanquished.

Notes
Turn   | Place    | Note
--------------------------------------------------------------
     0 | D:1      | namelastname112 the Draconian Skald began the quest for the Orb.
     0 | D:1      | Reached XP level 1. HP: 17/17 MP: 3/3
   484 | D:1      | Reached XP level 2. HP: 21/24 MP: 5/5
   753 | D:2      | Reached skill level 3 in Unarmed Combat
   786 | D:2      | Reached XP level 3. HP: 9/29 MP: 6/6
  1014 | D:2      | Found a deep blue altar of Sif Muna.
  1071 | D:2      | Found a glowing silver altar of Zin.
  1120 | D:2      | Reached skill level 4 in Unarmed Combat
  1548 | D:2      | Reached XP level 4. HP: 26/36 MP: 7/7
  2131 | D:2      | Reached skill level 5 in Unarmed Combat
  2489 | D:3      | Reached XP level 5. HP: 15/41 MP: 8/8
  3151 | D:4      | Found Wonetiaw's Food Boutique.
  3171 | D:4      | Noticed Menkaure
  3184 | D:4      | Slain by Menkaure

Vault maps used:
D:1:      grunt_arrival_lava_bath
D:2:      nicolae_overflow_hidden_temple, first_bread
D:3:      kennysheep_generic_room_16
D:4:      kennysheep_the_goblin_king, overflow_temple_1_default,
          kiku_gazebo_garden_becter, serial_shops, nicolae_shop_window_shopping,
          portal_sewer_entry_d, uniq_grinder, uniq_menkaure

Action                   |  1- 3 |  4- 6 || total
-------------------------+-------+-------++-------
Melee: Unarmed           |    92 |   149 ||   241
  Use: Potion            |       |     4 ||     4
 Stab: Sleeping          |     1 |       ||     1
  Eat: Chunk             |     1 |     6 ||     7
